 Dungeon Crawl Stone Soup version 0.26-a0-670-g578ab304f5 (webtiles) character file.

Game seed: 6902880281608050470

116 ANON1729 the Slasher (level 5, -3/37 HPs)
             Began as an Octopode Chaos Knight on Oct 19, 2020.
             Was a Plaything of Xom.
             Slain by a crimson imp (4 damage)
             ... summoned by Xom
             ... on level 3 of the Dungeon.
             The game lasted 00:02:38 (2568 turns).

ANON1729 the Slasher (Octopode Chaos Knight)        Turns: 2568, Time: 00:02:38

Health: -3/37      AC:  1    Str: 10 (12) XL:     5   Next: 1%
Magic:  5/5        EV: 14    Int: 13 (14) God:    Xom [.*....]
Gold:   120        SH:  0    Dex:  9 (12) Spells: 4/4 levels left

rFire    + . .     SeeInvis .   a - +0 falchion (chaos)
rCold    + + .     Faith    .   (no shield)
rNeg     . . .     Spirit   .   (helmet restricted)
rPois    +         Reflect  .   p - amulet of regeneration
rElec    +         Harm     .   (no ring)
rCorr    +         Rampage  .   (no ring)
MR       .....                  (no ring)
Stlth    +.........             (no ring)
HPRegen  0.52/turn              (no ring)
MPRegen  0.09/turn              (no ring)
                                (no ring)
                                (no ring)

@: mighty, liquid flames, resistant, flying, glowing
A: almost no armour, stealthy swim, amphibious, 8 rings, constrict 8, antennae
1, camouflage 1, cold resistance 1, deterioration 1, gelatinous body 1
a: Renounce Religion


You were on level 3 of the Dungeon.
You worshipped Xom.
You were a plaything of Xom.
You visited 1 branch of the dungeon, and saw 3 of its levels.

You collected 120 gold pieces.

Inventory:

Hand Weapons
 a - a +0 falchion of chaos (weapon)
Jewellery
 p - an amulet of regeneration (around mantle)
 q - an uncursed amulet of magic regeneration {unknown}
Scrolls
 b - 3 scrolls of immolation {unknown}
 d - a scroll of random uselessness {unknown}
 g - a scroll of fog {unknown}
 i - a scroll of remove curse {unknown}
 j - a scroll of identify {unknown}
Potions
 h - a potion of haste {unknown}
 k - a potion of might
 n - a potion of invisibility {unknown}


   Skills:
 + Level 4.0 Fighting
 + Level 4.0 Long Blades
 + Level 3.5 Dodging


You had 4 spell levels left.
You didn't know any spells.
Your spell library was empty.

Dungeon Overview and Level Annotations

Branches:
Dungeon (3/15)

Altars:
Trog


Innate Abilities, Weirdness & Mutations

You cannot wear most types of armour.
You are very stealthy in the water. (Stealth+)
You are amphibious.
You can wear up to eight rings at the same time.
You can use your tentacles to constrict eight enemies at once.
Your skin changes colour to match your surroundings (Stealth+).
Your rubbery body absorbs attacks. (AC +1, EV +1)
You have a pair of small antennae on your head.
Your flesh is cold resistant. (rC+)
Your body sometimes deteriorates upon taking damage.


Message History

It was a potion of degeneration.
There was something very wrong with that liquid.
You feel weakened.
You feel dopey.
You feel clumsy.
You are covered in liquid flames!
* * * LOW HITPOINT WARNING * * *
The smoke demon closely misses you.
You riposte.
You barely miss the smoke demon.
You squeeze the smoke demon, but do no damage.
The smoke demon is heavily wounded.
The smoke demon barely misses you. The smoke demon misses you.
Something barely misses you.
It was a potion of curing.
You feel better.
You are covered in liquid flames!
* * * LOW HITPOINT WARNING * * *
The smoke demon hits you!
* * * LOW HITPOINT WARNING * * *
The smoke demon closely misses you.
The smoke demon hits you but does no damage.
Something hits you.
You die...

........#.# ### #..#(..#.#
#.. #........####.#
#..#..........# #
#........###..# #.
#.###.#### #... #. #.# #.#
##.# #..####<###'## #<.
#..{@3..##...## ###
#.#######.....## # ##.##
##†......# ##
#####...####.†.......####.
...........'.........+....
####...####.........####.
##.## ##.......## ##
##..## ##.....## # #....#
##...## ###


You could see a smoke demon (summoned, very poisoned).

Vanquished Creatures
  An orc wizard (D:3)
  An adder (D:3)
  A river rat (D:2)
  3 worms (D:2)
  A dart slug (D:1)
  A leopard gecko (D:3)
  4 orcs (D:3)
  2 giant cockroaches (D:2)
  2 goblins
  6 hobgoblins
  6 jackals
  6 kobolds
  A ball python (D:1)
  9 bats
  5 frilled lizards
  4 rats
53 creatures vanquished.

Notes
Turn   | Place    | Note
-------+----------+-------------------------------------------
     0 | D:1      | ANON1729 the Octopode Chaos Knight began the quest for the
                  | Orb.
     0 | D:1      | Reached XP level 1. HP: 16/16 MP: 1/1
   291 | D:1      | XOM: silly message
   301 | D:1      | Reached XP level 2. HP: 18/21 MP: 2/2
   786 | D:1      | XOM: divination: detect creatures
  1109 | D:2      | XOM: silly message
  1115 | D:2      | Reached XP level 3. HP: 26/26 MP: 3/3
  1187 | D:2      | XOM: silly message
  1996 | D:2      | Reached XP level 4. HP: 33/33 MP: 4/4
  1997 | D:2      | Found a bloodstained altar of Trog.
  2105 | D:2      | XOM: polymorph adder -> river rat
  2317 | D:3      | XOM: torment (18/33 hp)
  2536 | D:3      | Reached XP level 5. HP: 35/37 MP: 5/5
  2557 | D:3      | XOM: summons 3 hostile demons
  2558 | D:3      | Noticed a smoke demon
  2560 | D:3      | Gained mutation: Your body sometimes deteriorates upon
                  | taking damage. [potion of mutation]
  2560 | D:3      | Gained mutation: Your flesh is cold resistant. (rC+)
                  | [potion of mutation]
  2560 | D:3      | Gained mutation: You have a pair of small antennae on your
                  | head. [potion of mutation]
  2568 | D:3      | HP: 1/37 [smoke demon[Xom] (8)]
  2568 | D:3      | Slain by a crimson imp

Illustrated notes

Levels and vault maps discovered:
D:1:      elethiomel_arrival_quiet, layout_basic, grunt_decor_arrowhead
D:2:      wander_river, layout_loops_corners, marbit_many_paths
D:3:      layout_loops_corners, overflow_temple_1_default,
          nicolae_qazlal_general_emergency, uniq_terence, uniq_jessica,
          uniq_grinder

Skill      XL: |  1  2  3  4 |
---------------+-------------+-----
Dodging        | 3 |  3.5
Long Blades    | 4 |  4.0
Fighting       | 4 |  4.0

Action                   |  1- 3 |  4- 6 || total
-------------------------+-------+-------++-------
Melee: Falchion          |    75 |    24 ||    99
       Constrict         |    27 |     8 ||    35
       Tentacles         |    12 |     7 ||    19
  Use: Potion            |       |     8 ||     8
 Stab: Sleeping          |     6 |     1 ||     7
Armor: Skin              |     7 |     2 ||     9
Dodge: Dodged            |    47 |    25 ||    72
       Rpst.: Falchion   |    12 |     6 ||    18

Table legend: (Time is in decaauts)
 A = Elapsed time spent in this place.
 B = Non-inter-level travel time spent in this place.
 C = Inter-level travel time spent in this place.
 D = Time resting spent in this place.
 E = Time spent auto-exploring this place.
 F = Levels seen in this place.
 G = Mean time per level.
                   A        B        C        D        E       F      G
               +--------+--------+--------+--------+--------+-----+--------+
         Total |   2586 |   2504 |     82 |    276 |   1922 |   3 |  862.0 |
       Dungeon |   2586 |   2504 |     82 |    276 |   1922 |   3 |  862.0 |
               +--------+--------+--------+--------+--------+-----+--------+

Top non-repeatable levels by time:
     D:2: 1175 daAuts
     D:1: 1061 daAuts
     D:3: 350 daAuts
